 Dungeon Crawl Stone Soup version 0.16.0-17-g811c1d7 (webtiles) character file.

174 ventricule the Ducker (level 5, -5/40 HPs)
             Began as a Minotaur Fire Elementalist on Mar 21, 2015.
             Slain by Prince Ribbit (10 damage)
             ... on level 4 of the Dungeon.
             The game lasted 00:09:19 (3046 turns).

ventricule the Ducker (Minotaur Fire Elementalist)  Turns: 3046, Time: 00:09:19

Health: -5/40      AC:  9    Str: 14    XL:     5   Next: 28%
Magic:  4/4        EV: 10    Int: 12    God:
Gold:   144        SH:  0    Dex: 10    Spells: 1 memorised, 5 levels left

rFire  . . .     SeeInvis .       - Unarmed
rCold  . . .     Clarity  .     i - +0 scale mail
rNeg   . . .     SustAb   +     (no shield)
rPois  .         Gourm    .     (helmet restricted)
rElec  .         Spirit   .     m - +1 cloak
rCorr  .         Warding  .     (no gloves)
rMut   .         Stasis   .     p - +0 pair of boots
MR     .....                    (no amulet)
Stlth  ..........               (no ring)
                                f - ring of sustain abilities

@: lethally poisoned (-5 -> -16), not resistant to hostile enchantments,
extremely unstealthy
A: retaliatory headbutt, horns 2
a: no special abilities


You were on level 4 of the Dungeon.
You were hungry.

You visited 1 branch of the dungeon, and saw 4 of its levels.

You collected 144 gold pieces.

Inventory:

Hand weapons
 o - a -2 short sword
Armour
 a - a +0 robe
 d - a +0 ring mail
 i - a +0 scale mail (worn)
 m - a +1 cloak (worn)
 p - a +0 pair of boots (worn)
Jewellery
 f - a ring of sustain abilities (left hand)
Scrolls
 e - a scroll of fog
 k - 3 scrolls of remove curse
 r - a scroll of identify
 u - a scroll of enchant armour
 v - a scroll of enchant weapon {unknown}
 y - a scroll of noise {unknown}
Potions
 g - 2 potions of agility {unknown}
 j - a potion of poison
 l - a potion of lignification {unknown}
 n - a potion of flight {unknown}
 q - 2 potions of might {unknown}
 s - a potion of curing {unknown}
 w - 2 potions of cancellation
 x - a potion of ambrosia {unknown}
 z - a potion of restore abilities {unknown}
Books
 b - a book of Flames

   Spells                             Type                      Level
   a - Flame Tongue                   Conjuration/Fire             1
   b - Throw Flame                    Conjuration/Fire             2
   c - Conjure Flame                  Conjuration/Fire             3
   d - Inner Flame                    Hexes/Fire                   3
   e - Sticky Flame                   Conjuration/Fire             4
   f - Fireball                       Conjuration/Fire             5
Comestibles
 c - 2 bread rations
 h - 3 meat rations


   Skills:
 + Level 1.6 Fighting
 + Level 2.4 Armour
 + Level 4.3 Dodging
 + Level 1.7 Stealth
 + Level 2.1 Unarmed Combat
 - Level 1.4 Spellcasting
 - Level 0.6 Conjurations
 - Level 2.3 Fire Magic


You had 5 spell levels left.
You knew the following spells:

 Your Spells              Type           Power        Failure   Level  Hunger
a - Flame Tongue          Conj/Fire      #....        77%         1    ##.....


Dungeon Overview and Level Annotations

Branches:
Dungeon (4/15)
 Temple: D:4-7

Altars:

Annotations:
D:3 Fluffy's ghost, average DsGl
D:4 Prince Ribbit


Innate Abilities, Weirdness & Mutations

You reflexively headbutt those who attack you in melee.
You have a pair of horns on your head.


Message History

The kobold shouts!
The kobold throws a stone.
The stone hits you but does no damage.
You see here a stone.
The kobold throws a stone.
The stone barely misses you. Prince Ribbit hits you.
You see here a stone.
Prince Ribbit hits you!
There is a stone staircase leading down here.
Prince Ribbit momentarily phases out as your attack passes through him.
Prince Ribbit hits you. x2
You completely miss Prince Ribbit. Prince Ribbit hits you!
* * * LOW HITPOINT WARNING * * *
Prince Ribbit hits you.
* * * LOW HITPOINT WARNING * * *
Drink which item? (? for menu, Esc to quit)
It was a potion of poison.
That liquid tasted very nasty...
You are lethally poisoned!
* * * LOW HITPOINT WARNING * * *
You feel sick. Prince Ribbit hits you!
You die...

....................# #..
....................# #..
...................#####..
.........(..........##.....
........(..................
.......K.....(........##...
........>............####..
..........F.......#### #..
...........@.......# #..
...................## #...
...................# ##..
..................## ### .
...................# ..
..........).....>.##
.............).......###..
..........................
...................#......


You could see Prince Ribbit and a kobold.

Vanquished Creatures
  A worker ant (D:4)
  7 adders
  2 worms (D:2)
  3 giant geckos
  An ooze (D:3)
  An orc (D:4)
  7 bats
  5 giant cockroaches
  11 hobgoblins
  9 kobolds
  2 quokkas
  2 giant newts
  6 goblins
  10 jackals
  5 rats
72 creatures vanquished.

Notes
Turn   | Place    | Note
--------------------------------------------------------------
     0 | D:1      | ventricule, the Minotaur Fire Elementalist, began the quest for the Orb.
     0 | D:1      | Reached XP level 1. HP: 14/14 MP: 2/2
   354 | D:1      | Reached XP level 2. HP: 20/20 MP: 2/2
   636 | D:1      | Reached skill level 3 in Dodging
   777 | D:1      | Reached XP level 3. HP: 23/26 MP: 3/3
   980 | D:1      | Reached skill level 1 in Armour
  1315 | D:2      | Reached skill level 1 in Unarmed Combat
  1382 | D:2      | Reached XP level 4. HP: 31/33 MP: 4/4
  1421 | D:2      | Reached skill level 1 in Fighting
  1944 | D:3      | Reached skill level 4 in Dodging
  1994 | D:3      | Noticed Fluffy's ghost (average DsGl)
  2408 | D:4      | Noticed Prince Ribbit
  2501 | D:3      | Reached XP level 5. HP: 30/40 MP: 4/4
  3046 | D:4      | Slain by Prince Ribbit

Action                   |  1- 3 |  4- 6 || total
-------------------------+-------+-------++-------
Melee: Unarmed           |   178 |    98 ||   276
  Use: Scroll            |     4 |     2 ||     6
       Potion            |       |     1 ||     1
  Eat: Chunk             |     2 |     3 ||     5
       Beef jerky        |       |     1 ||     1
